 Dungeon Crawl Stone Soup version 0.31.0-11-ge490571c62 (webtiles) character file.

Game seed: 11727913541073232908

115 jasper the Shooter (level 5, 0/37 HPs)
             Began as a Barachi Hexslinger on Jan 28, 2024.
             Killed from afar by an orc wizard (4 damage)
             ... with a magic dart
             ... on level 4 of the Dungeon.
             The game lasted 00:04:09 (1535 turns).

jasper the Shooter (Barachi Hexslinger)             Turns: 1535, Time: 00:04:10

Health: 0/37       AC:  6    Str: 12    XL:     5   Next: 0%
Magic:  6/6        EV: 11    Int: 13    God:
Gold:   99         SH:  0    Dex: 14    Spells: 3/6 levels left

rFire   . . .        a - +1 sling
rCold   + . .        (no shield)
rNeg    . . .        e - +0 ring mail {rC+}
rPois   .            f - +0 helmet
rElec   .            (no cloak)
rCorr   .            (no gloves)
SInv    .            (no boots)
Will    .....        (no amulet)
Stlth   +            (no ring)
HPRegen 0.26/turn    (no ring)
MPRegen 0.10/turn

%: no passive effects
@: unable to hop, slow
A: amphibious, slowness 1, strong legs 1, +LOS
a: Hop


You were on level 4 of the Dungeon.
You visited 1 branch of the dungeon, and saw 4 of its levels.

You collected 99 gold pieces.

Inventory:

Hand Weapons
 a - a +1 sling (weapon)
Armour
 c - a +0 robe
 d - a +0 chain mail
 e - a +0 ring mail of cold resistance (worn)
 f - a +0 helmet (worn)
Scrolls
 h - a scroll of fog {unknown}
 i - a scroll of torment {unknown}
 j - 2 scrolls of identify {unknown}
 k - a scroll of teleportation {unknown}
 l - 2 scrolls of immolation {unknown}
 m - a scroll of enchant weapon {unknown}
Potions
 g - 2 potions of brilliance


   Skills:
 - Level 1.2 Fighting
 + Level 5.0 Ranged Weapons
 - Level 2.1 Dodging
 - Level 1.1 Spellcasting
 - Level 3.2 Hexes
 - Level 1.1 Fire Magic


You had 3 spell levels left.
You knew the following spells:

 Your Spells              Type           Power      Damage    Failure   Level
a - Inner Flame           Hex/Fire       6%         N/A       61%         3

Your spell library contained the following spells:

 Spells                   Type           Power      Damage    Failure   Level
 Jinxbite                 Hex            18%        N/A       26%         2
 Sigil of Binding         Hex            9%         N/A       45%         3
 Freeze                   Ice            0%         1d3       54%         1
 Frozen Ramparts          Ice            0%         1d1       88%         3
 Hailstorm                Conj/Ice       0%         3d5       88%         3
 Cause Fear               Hex            4%         N/A       86%         4
 Dimensional Bullseye     Hex/Tloc       2%         N/A       97%         4


Dungeon Overview and Level Annotations

Branches:
Dungeon (4/15)
 Temple: D:4-7

Altars:


Innate Abilities, Weirdness & Mutations

You are amphibious.
You cover ground slowly.
You can hop short distances.
You have an extended range of vision and can be seen from far away.


Message History

Press: ? - help, Q - select action, (/) - cycle Shift-Dir - straight line, f/p - orc
Aim: an orc, wielding a +0 dagger, wearing a +0 ring mail and quivering boomerangs (63% to hit)
You shoot a sling bullet. The sling bullet barely misses the orc.
You feel sick.
You are no longer poisoned.
Unknown command.
Unknown command.
Fire: a) +1 sling
Press: ? - help, Q - select action, (/) - cycle Shift-Dir - straight line, f/p - orc
Aim: an orc, wielding a +0 dagger, wearing a +0 ring mail and quivering boomerangs (63% to hit)
You shoot a sling bullet.
The sling bullet hits the orc but does no damage.
Unknown command.
Unknown command.
Fire: a) +1 sling
Press: ? - help, Q - select action, (/) - cycle Shift-Dir - straight line, f/p - orc
Aim: an orc, wielding a +0 dagger, wearing a +0 ring mail and quivering boomerangs (63% to hit)
You shoot a sling bullet.
The sling bullet hits the orc but does no damage.
Unknown command.
Fire: a) +1 sling
Press: ? - help, Q - select action, (/) - cycle Shift-Dir - straight line, f/p - orc
Aim: an orc, wielding a +0 dagger, wearing a +0 ring mail and quivering boomerangs (63% to hit)
You shoot a sling bullet. The sling bullet hits the orc.
The orc is almost dead.
Unknown command.
Unknown command.
Fire: a) +1 sling
Press: ? - help, Q - select action, (/) - cycle Shift-Dir - straight line, f/p - orc
Aim: an orc, wielding a +0 dagger, wearing a +0 ring mail and quivering boomerangs (almost dead, 63% to hit)
You shoot a sling bullet. The sling bullet hits the orc.
You kill the orc!
You have reached level 5!
Unknown command.
Fire: a) +1 sling
Press: ? - help, Q - select action, (/) - cycle Shift-Dir - straight line You shoot a sling bullet.
A magic dart appears from out of thin air!
The magic dart hits you.
You die...

.# ##.## ##o..##
#####.....## #.☼
.......# # ##°##
...°..#
#°##☼§{###.☼°#.#######
#§§°°§○.).°§°°........
####§@☼###.###.#######
##°## #.##...######
#○# #............ #.#
####...###### #.#
##.## #§# #.# #§☼ ..#
### ####


There were no monsters in sight!

Vanquished Creatures
  A howler monkey (D:4)
  An orc priest (D:4)
  A gnoll (D:3)
  A dart slug (D:1)
  3 orcs
  2 bats (D:1)
  An endoplasm (D:1)
  A goblin (D:1)
  3 hobgoblins
  6 jackals
  A quokka (D:1)
  2 ball pythons (D:1)
  4 frilled lizards
  3 kobolds
30 creatures vanquished.

Notes
Turn   | Place    | Note
-------+----------+-------------------------------------------
     0 | D:1      | jasper the Barachi Hexslinger began the quest for the Orb.
     0 | D:1      | Reached XP level 1. HP: 15/15 MP: 2/2
   273 | D:1      | Reached XP level 2. HP: 21/21 MP: 3/3
   336 | D:1      | Reached skill level 3 in Ranged Weapons
   953 | D:2      | Reached XP level 3. HP: 26/26 MP: 4/4
  1202 | D:3      | Learned a level 3 spell: Inner Flame
  1205 | D:3      | Found a faded altar of an unknown god.
  1318 | D:4      | Reached skill level 4 in Ranged Weapons
  1318 | D:4      | Reached XP level 4. HP: 21/32 MP: 5/5
  1522 | D:4      | Reached skill level 5 in Ranged Weapons
  1535 | D:4      | Reached XP level 5. HP: 3/37 MP: 6/6
  1535 | D:4      | Killed from afar by an orc wizard

Illustrated notes

Levels and vault maps discovered:
D:1:      erik_arrival_cave_to_civilisation [erik_arrival_cave_to_hall],
          layout_basic
D:2:      layout_basic, grunt_ministairs_1
D:3:      layout_loops_ring, lemuel_crystal_altar,
          shapermc_ecumenical_altar_venn, serial_shops,
          nicolae_shop_real_fake_doors, minmay_three_crescents
D:4:      layout_loops_ring, minmay_temple_entry_glassed_door

Skill      XL: |  1  2  3  4 |
---------------+-------------+-----
Ranged Weapons | 3 4 5 |  5.0
Fighting       | |  1.2
Dodging        | |  2.1
Spellcasting   | |  1.1
Hexes          | |  3.2
Fire Magic     | |  1.1

Action                     |  1- 3 |  4- 6 || total
---------------------------+-------+-------++-------
   Fire: Sling             |   104 |    25 ||   129
Ability: Hop               |     4 |     1 ||     5
    Use: Potion            |     5 |       ||     5
         Scroll            |       |     1 ||     1
 Armour: Robe              |    39 |       ||    39
         Ring mail         |    10 |     8 ||    18
  Dodge: Dodged            |    59 |     2 ||    61
